 Dungeon Crawl Stone Soup version 0.30-a0-726-gd89dcf765f (webtiles) character file.

Game seed: 13631523208254521651

35 voltaire321 the Caller (level 3, 0/20 HPs)
             Began as a Kobold Summoner on Jan 29, 2023.
             Slain by an adder (1 damage)
             ... on level 2 of the Dungeon.
             The game lasted 00:03:58 (1162 turns).

voltaire321 the Caller (Kobold Summoner)            Turns: 1162, Time: 00:03:58

Health: 0/20       AC:  2    Str:  7    XL:     3   Next: 52%
Magic:  5/6        EV: 15    Int: 16    God:
Gold:   89         SH:  0    Dex: 15    Spells: 4/7 levels left

rFire   . . .      SeeInvis .    h - +0 sling
rCold   . . .      Faith    .    (no shield)
rNeg    . . .      Spirit   .    a - +0 robe
rPois   .          Reflect  .    (no helmet)
rElec   .          Harm     .    (no cloak)
rCorr   .          Rampage  .    (no gloves)
Will    .....                    (no boots)
Stlth   +++                      (no amulet)
HPRegen 0.23/turn                (no ring)
MPRegen 0.10/turn                (no ring)

@: lethally poisoned (0 -> -2)
A: small, no large weapons, nightstalker 3
a: no special abilities


You were on level 2 of the Dungeon.
You visited 1 branch of the dungeon, and saw 2 of its levels.

You collected 89 gold pieces.

Inventory:

Hand Weapons
 h - a +0 sling (weapon)
Armour
 a - a +0 robe (worn)
Scrolls
 c - a scroll of noise {unknown}
 d - a scroll of identify {unknown}
 f - a scroll of silence {unknown}
 i - 4 scrolls of immolation {unknown}
Potions
 b - a potion of magic
 e - 2 potions of curing {unknown}
 g - a potion of heal wounds {unknown}


   Skills:
 + Level 1.2 Fighting
 + Level 2.9 Dodging
 + Level 3.3 Stealth
 + Level 2.5 Spellcasting
 + Level 4.2 Summonings


You had 4 spell levels left.
You knew the following spells:

 Your Spells              Type           Power      Damage    Failure   Level
a - Call Imp              Summ           15%        N/A       5%          2
b - Summon Small Mammal   Summ           60%        N/A       3%          1

Your spell library contained the following spells:

 Spells                   Type           Power      Damage    Failure   Level
 Call Canine Familiar     Summ           15%        N/A       11%         3
 Summon Guardian Golem    Hex/Summ       8%         N/A       24%         3
 Summon Lightning Spire   Summ/Air       8%         N/A       63%         4


Dungeon Overview and Level Annotations

Branches:
Dungeon (2/15)

Altars:

Annotations:
D:2 Sigmund


Innate Abilities, Weirdness & Mutations

You are small and have problems with some larger weapons.
You are completely attuned to the shadows.


Message History

Press: ? - help, Q - select action, (/) - cycle Shift-Dir - straight line, f/p - adder
Aim: an adder (almost dead, ally target, 32% to hit)
You shoot a sling bullet.
The sling bullet barely misses the adder.
You hear a shout!
The adder misses you. The adder bites you.
Your crimson imp misses the adder.
Fire: h) +0 sling
Press: ? - help, Q - select action, (/) - cycle Shift-Dir - straight line, f/p - adder
Aim: an adder (almost dead, ally target, 32% to hit)
You shoot a sling bullet.
The sling bullet barely misses the adder.
The adder bites you.
You are poisoned.
The adder poisons you!
A hobgoblin comes into view.
Your crimson imp misses the adder.
The kobold misses your crimson imp. The adder bites you.
* * * LOW HITPOINT WARNING * * *
Fire: h) +0 sling
Press: ? - help, Q - select action, (/) - cycle Shift-Dir - straight line, f/p - adder
Aim: an adder (almost dead, ally target, 32% to hit)
You shoot a sling bullet.
The sling bullet closely misses the adder.
* * * LOW HITPOINT WARNING * * *
You feel sick. The adder bites you but does no damage.
The kobold hits your crimson imp with a +0 dagger.
Your crimson imp misses the adder.
The adder closely misses you.
Your crimson imp barely misses the adder.
The kobold hits your crimson imp with a +0 dagger.
Fire: h) +0 sling
Press: ? - help, Q - select action, (/) - cycle Shift-Dir - straight line, f/p - adder
Aim: an adder (almost dead, ally target, 32% to hit)
You shoot a sling bullet.
The sling bullet barely misses the adder.
You feel sick. The adder bites you.
* * * LOW HITPOINT WARNING * * *
Your crimson imp barely misses the adder.
The kobold hits your crimson imp with a +0 dagger.
The adder bites you.
You die...

#######†#########.#
#...........#
#.########### #.#
#.# #.# #.#
#####.###
..>.@S5Kg#
########.. #


You could see an adder, a hobgoblin, a kobold (ally target) and a friendly
crimson imp (summoned).

Vanquished Creatures
  3 endoplasms (D:1)
  2 goblins (D:1)
  3 hobgoblins
  2 jackals (D:1)
  A quokka (D:1)
  4 rats
15 creatures vanquished.

Vanquished Creatures (collateral kills)
  A dart slug (D:1)
  2 ball pythons (D:1)
  A bat (D:1)
  A giant cockroach (D:1)
  2 hobgoblins (D:1)
  2 jackals (D:1)
  2 quokkas
11 creatures vanquished.

Grand Total: 26 creatures vanquished

Notes
Turn   | Place    | Note
-------+----------+-------------------------------------------
     0 | D:1      | voltaire321 the Kobold Summoner began the quest for the
                  | Orb.
     0 | D:1      | Reached XP level 1. HP: 10/10 MP: 3/3
   184 | D:1      | Reached XP level 2. HP: 16/16 MP: 1/5
   563 | D:1      | Learned a level 2 spell: Call Imp
   599 | D:1      | Reached skill level 1 in Fighting
   599 | D:1      | Reached XP level 3. HP: 20/20 MP: 3/6
  1138 | D:2      | Noticed Sigmund
  1162 | D:2      | HP: 1/20 [adder (3)]
  1162 | D:2      | Slain by an adder

Illustrated notes

Levels and vault maps discovered:
D:1:      ebering_trefoil_3fold, layout_basic
D:2:      layout_loops_ring, uniq_sigmund, uniq_jessica, uniq_crazy_yiuf_cottage

Skill      XL: |  1  2 |
---------------+-------+-----
Stealth        | 3 |  3.3
Fighting       | 1 |  1.2
Dodging        | |  2.9
Spellcasting   | |  2.5
Summonings     | |  4.2

Action                     || total
---------------------------++-------
  Melee: Unarmed           ||    64
         Punch             ||     2
   Fire: Sling             ||    41
   Cast: Summon Small Mamm ||    18
         Call Imp          ||     6
   Stab: Distracted        ||     2
         Sleeping          ||     4
 Armour: Robe              ||    16
  Dodge: Dodged            ||    63

Table legend: (Time is in decaauts)
 A = Elapsed time spent in this place.
 B = Non-inter-level travel time spent in this place.
 C = Inter-level travel time spent in this place.
 D = Time resting spent in this place.
 E = Time spent auto-exploring this place.
 F = Levels seen in this place.
 G = Mean time per level.
                   A        B        C        D        E       F      G
               +--------+--------+--------+--------+--------+-----+--------+
         Total |   1177 |   1158 |     19 |     71 |    783 |   2 |  588.5 |
       Dungeon |   1177 |   1158 |     19 |     71 |    783 |   2 |  588.5 |
               +--------+--------+--------+--------+--------+-----+--------+

Top non-repeatable levels by time:
     D:1: 989 daAuts
     D:2: 187 daAuts
